 Dungeon Crawl Stone Soup version 0.28.0-1-gb440e238dd (webtiles) character file.

Game seed: 4154586112033503727

4864 fragbeetle the Cleaver (level 10, -9/93 HPs)
             Began as a Minotaur Monk on Feb 25, 2022.
             Was a Believer of Nemelex Xobeh.
             Killed from afar by a gnoll (27 damage)
             ... with a bolt of acid
             ... on level 7 of the Dungeon.
             The game lasted 00:15:59 (9475 turns).

fragbeetle the Cleaver (Minotaur Monk)              Turns: 9475, Time: 00:16:00

Health: -9/93      AC:  6    Str: 24    XL:     10   Next: 26%
Magic:  9/9        EV: 13    Int:  7    God:    Nemelex Xobeh [**....]
Gold:   253        SH:  0    Dex: 12    Spells: 8/9 levels left

rFire   + . .      SeeInvis .   F - +10 long sword "Ox" {vamp, Str+3}
rCold   + . .      Faith    .   (no shield)
rNeg    + . .      Spirit   .   o - +0 chain mail {rN+}
rPois   .          Reflect  .   (helmet restricted)
rElec   .          Harm     .   d - scarf {rC+ rF+}
rCorr   .          Rampage  .   D - +0 pair of gloves
Will    +....                   a - +0 pair of boots
Stlth   ..........              (no amulet)
HPRegen 0.25/turn               f - +4 ring of evasion
MPRegen 0.11/turn               b - ring of willpower

@: corroded
A: horns 2, retaliatory headbutt
a: Renounce Religion, Draw Escape, Draw Destruction, Draw Summoning


You were on level 7 of the Dungeon.
You worshipped Nemelex Xobeh.
Nemelex Xobeh was pleased with you.
You visited 2 branches of the dungeon, and saw 8 of its levels.
You also visited: Ossuary.

You collected 307 gold pieces.
You spent 54 gold pieces at shops.

Inventory:

Hand Weapons
 q - a +2 mace of holy wrath
 F - the +10 long sword "Ox" (weapon) {vamp, Str+3}
   (You found it on level 6 of the Dungeon)

   It occasionally heals its wielder for a portion of the damage dealt when it
   wounds a living foe.
   Str:       It affects your strength (+3).
Missiles
 u - 121 bolts
 x - 84 arrows
Armour
 a - a +0 pair of boots (worn)
 d - a scarf of resistance (worn)
 o - a +0 chain mail of positive energy (worn)
 D - a +0 pair of gloves (worn)
Jewellery
 b - a ring of willpower (right hand)
 f - a +4 ring of evasion (left hand)
 i - a ring of positive energy
 k - a ring of poison resistance
 B - an amulet of guardian spirit
Scrolls
 e - 7 scrolls of teleportation {unknown}
 g - 8 scrolls of identify {unknown}
 h - 2 scrolls of amnesia {unknown}
 j - 4 scrolls of magic mapping {unknown}
 n - 2 scrolls of enchant weapon {unknown}
 r - 3 scrolls of summoning {unknown}
 w - 3 scrolls of vulnerability {unknown}
 y - a scroll of fog {unknown}
 C - a scroll of fear {unknown}
 H - a scroll of enchant armour {unknown}
 J - 5 scrolls of noise {unknown}
Potions
 c - 3 potions of brilliance {unknown}
 l - 4 potions of heal wounds
 m - a potion of flight {unknown}
 p - 2 potions of ambrosia {unknown}
 s - 2 potions of magic {unknown}
 t - a potion of invisibility {unknown}
 v - a potion of berserk rage {unknown}
 z - 2 potions of degeneration {unknown}
 A - a potion of attraction {unknown}
 E - 2 potions of curing {unknown}
 G - a potion of mutation {unknown}
 I - 2 potions of might {unknown}


   Skills:
 - Level 10.0 Fighting
 + Level 7.5 Long Blades
 - Level 10.0 Axes
 - Level 10.0 Armour
 - Level 3.2 Dodging
 - Level 1.5 Stealth


You had 8 spell levels left.
You knew the following spells:

 Your Spells              Type           Power      Damage    Failure   Level
a - Apportation           Tloc           0%         N/A       94%         1

Your spell library contained the following spells:

 Spells                   Type           Power      Damage    Failure   Level
 Animate Skeleton         Necr           0%         N/A       94%         1
 Magic Dart               Conj           0%         1d3       94%         1
 Pain                     Necr           0%         1d4       94%         1
 Summon Small Mammal      Summ           0%         N/A       94%         1
 Searing Ray              Conj           0%         2d4       98%         2
 Fulminant Prism          Conj/Hex       0%         3d6       100%        4
 Agony                    Necr           0%         N/A       100%        5
 Excruciating Wounds      Necr           0%         N/A       100%        5
 Summon Forest            Summ/Tloc      0%         N/A       100%        5
 Eringya's Noxious Bog    Tmut/Pois      0%         N/A       100%        6
 Summon Hydra             Summ           0%         N/A       100%        7
 Borgnjor's Revivificati  Necr           0%         N/A       100%        8
 Necromutation            Tmut/Necr      0%         N/A       100%        8
 Death's Door             Necr           0%         N/A       100%        9


Dungeon Overview and Level Annotations

Branches:
Dungeon (7/15)             Temple (1/1) D:6         Ossuary (visited)

Altars:
Ashenzari
Cheibriados
Dithmenos
Elyvilon
Fedhas
Gozag
Hepliaklqana
Kikubaaqudgha
Nemelex Xobeh
Okawaru
Qazlal
Trog
Uskayaw
Vehumet
Wu Jian
Xom
Yredelemnul
Zin
The Shining One

Shops:
D:4 [

Annotations:
D:3 2 transporters
D:5 2 transporters, SkeletonJelly's ghost, novice PaMo
D:7 1 runed translucent door, math4jedi's ghost, novice HOFi


Innate Abilities, Weirdness & Mutations

You have a pair of horns on your head.
You reflexively headbutt those who attack you in melee.


Message History

Beogh smites you!
You hear a shout! x2
An orc comes into view. It is wielding a +0 club.
The orc shouts!
You hear an angry buzzing noise.
You see here an iguana corpse.
You completely miss the ice beast.
The ice beast is severely wounded.
The ice beast misses you.
You hit the ice beast but do no damage.
The ice beast is severely wounded.
The orc barely misses you.
The ice beast hits you but does no damage.
You slash the ice beast!
You feel better.
You kill the ice beast!
The orc closely misses you.
You barely miss the orc. The orc hits you but does no damage.
The orc priest invokes the aid of Beogh against you.
You easily resist.
You barely miss the orc priest. You headbutt the orc priest!
The orc priest is severely wounded.
The orc hits you with a +0 club.
The orc priest hits you with a +0 dagger.
You slash the orc priest!
You feel better.
You kill the orc priest!
The orc closely misses you. You furiously retaliate!
You headbutt the orc!
You kill the orc!
You slash the white imp! Your headbutt misses the white imp.
The white imp is heavily wounded.
The white imp gestures at you.
The puff of frost hits you but does no damage.
The gnoll zaps a wand.
The bolt of acid hits the white imp!!
The white imp dies!
The bolt of acid hits you!!!
* * * LOW HITPOINT WARNING * * *
The acid corrodes you!
You slash the gnoll!
The gnoll is severely wounded.
The gnoll zaps a wand.
The bolt of acid hits you!!
You die...
Your body glows slightly and disappears.

#........#
#..(.....#
######........#
..............+
#######........#
(.............##
######..#######
##.##)..#
###†@....#
#.)g####..#
#..###)g.# #.
#5.##..# # #..#
.# #.# # #o# #.
#


You could see a gnoll.

Vanquished Creatures
  A centaur zombie (D:6)
  Grinder (D:5)
  5 yaks
  2 black bears
  2 orc warriors (D:6)
  4 ice beasts
  3 sky beasts
  4 ogres
  2 necrophages (D:5)
  A centaur (D:6)
  2 elf zombies (Ossuary)
  3 phantoms
  2 water moccasin skeletons
  5 wights
  A howler monkey (D:6)
  A bullfrog zombie (D:5)
  2 human zombies (Ossuary)
  A jelly (D:7)
  2 gnoll shamans (D:5)
  2 bullfrog skeletons (D:5)
  3 hounds
  5 orc priests
  A centaur skeleton (D:6)
  7 iguanas
  Terence (D:2)
  10 orc wizards
  A killer bee zombie (D:6)
  A hound zombie (D:5)
  2 mummies (Ossuary)
  Robin (D:2)
  A howler monkey skeleton (D:6)
  A howler monkey zombie (D:7)
  8 gnolls
  3 adders
  2 shadow imps (D:5)
  A white imp (D:6)
  An ufetubus (D:5)
  An adder skeleton (D:5)
  2 adder zombies (Ossuary)
  3 worms
  23 orcs
  10 ball pythons
  5 endoplasms
  3 giant cockroaches
  7 hobgoblins
  A jackal (D:3)
  7 kobolds
  3 quokkas
  2 bats
  5 frilled lizards
  15 goblins
  10 hobgoblin zombies (Ossuary)
  A jackal zombie (Ossuary)
  8 kobold zombies (Ossuary)
  9 orc zombies (Ossuary)
  3 rats
  2 rat zombies (Ossuary)
215 creatures vanquished.

Vanquished Creatures (others)
  A white imp (D:7)
  13 plants
14 creatures vanquished.

Grand Total: 229 creatures vanquished

Notes
Turn   | Place    | Note
-------+----------+-------------------------------------------
     0 | D:1      | fragbeetle the Minotaur Monk began the quest for the Orb.
     0 | D:1      | Reached XP level 1. HP: 19/19 MP: 0/0
   429 | D:1      | Reached XP level 2. HP: 25/26 MP: 1/1
  1003 | D:2      | Noticed Terence
  1066 | D:2      | Noticed Robin
  1070 | D:2      | Reached skill level 5 in Axes
  1470 | D:2      | Reached XP level 3. HP: 31/31 MP: 2/2
  1611 | D:2      | Killed Robin
  2327 | D:3      | Reached XP level 4. HP: 30/39 MP: 3/3
  2808 | D:3      | Found a faded altar of an unknown god.
  2912 | D:3      | Found a transporter.
  2930 | D:3      | Found a transporter.
  3300 | D:4      | Identified the +1 scale mail of Gulidol {Rampage rC+ rCorr}
  3617 | D:4      | Found Egynie's Armour Emporium.
  3623 | D:4      | Noticed an ogre
  3699 | D:3      | Reached XP level 5. HP: 42/45 MP: 4/4
  3759 | D:2      | Killed Terence
  3954 | D:5      | Entered Level 5 of the Dungeon
  3981 | D:5      | Noticed Grinder
  4015 | D:5      | Killed Grinder
  4016 | D:5      | Reached XP level 6. HP: 36/51 MP: 5/5
  4024 | D:5      | Found an opulent altar of Gozag.
  4221 | D:5      | Found a transporter.
  4221 | D:5      | Noticed SkeletonJelly's ghost (novice PaMo)
  4222 | D:5      | Noticed an ice beast
  4226 | D:5      | Found a transporter.
  4255 | D:5      | Reached XP level 7. HP: 48/57 MP: 6/6
  4443 | D:5      | Reached skill level 10 in Axes
  4580 | D:5      | Reached skill level 5 in Fighting
  5167 | D:5      | Reached XP level 8. HP: 55/73 MP: 7/7
  6190 | D:4      | Bought a +0 pair of gloves for 54 gold pieces
  6268 | D:4      | Reached skill level 10 in Fighting
  7057 | D:4      | Reached XP level 9. HP: 74/85 MP: 8/8
  7065 | D:4      | Reached skill level 5 in Armour
  7146 | D:4      | Learned a level 1 spell: Apportation
  7745 | D:6      | Found a staircase to the Ecumenical Temple.
  7752 | D:6      | Identified the +10 long sword "Ox" {vamp, Str+3}
  7767 | D:6      | Reached skill level 1 in Long Blades
  8362 | Temple   | Entered the Ecumenical Temple
  8545 | Temple   | Became a worshipper of Nemelex Xobeh the Trickster
  8545 | Temple   | Reached * piety under Nemelex Xobeh
  8545 | Temple   | Received a gift from Nemelex Xobeh
  8545 | Temple   | Reached ** piety under Nemelex Xobeh
  8576 | D:6      | Reached skill level 10 in Armour
  8580 | D:6      | Reached skill level 5 in Long Blades
  8580 | D:6      | Reached XP level 10. HP: 93/93 MP: 9/9
  9104 | D:7      | Found a sand-covered staircase.
  9118 | D:7      | Found a runed translucent door.
  9118 | D:7      | Noticed math4jedi's ghost (novice HOFi)
  9147 | Ossuary  | Entered an ossuary
  9475 | D:7      | Killed from afar by a gnoll

Illustrated notes

Levels and vault maps discovered:
D:1:      lemuel_arrival_funnel, layout_loops_ring, minivault_14, nrook_uturn
D:2:      layout_basic, minmay_misc_feat_tiny, uniq_robin, uniq_terence
D:3:      gammafunk_wand_slinger, layout_rooms,
          dreamdust_ecumenical_altar_grove, serial_bayou_pond_c,
          minmay_starry_boxes
D:4:      layout_loops_ring, serial_shops, shop_statue,
          ebering_dispersal_statue_hall, minmay_a_box_with_orc_wizards_in_it
D:5:      minmay_razor_zed, layout_cave_pods, grunt_gozag_breadcrumbs,
          gammafunk_ghost_arena, serial_column_ruins, column_ruins_square_large,
          column_ruins_square_large, column_ruins_corridor_straight,
          column_ruins_columns_straight, column_ruins_open_small,
          column_ruins_open_small, column_ruins_open_small,
          column_ruins_columns_corner, uniq_grinder
D:6:      layout_cave_pools, minmay_temple_entry_trees, st_stairs_14,
          serial_bayou_pond_b
D:7:      layout_basic, ebering_ghost_reflecting_pool,
          nicolae_ossuary_entry_monument, minmay_alternating_orb
Temple:   mainiacjoe_temple_coin_purse

Skill      XL: |  1  2  3  4  5  6  7  8  9 10 |
---------------+-------------------------------+-----
Axes           | 4 5 6 7 9 10 | 10.0
Fighting       | 7 10 | 10.0
Armour         | 4 10 | 10.0
Long Blades    | 5 7 |  7.5
Dodging        | |  3.2
Stealth        | |  1.5

Action                   |  1- 3 |  4- 6 |  7- 9 | 10-12 || total
-------------------------+-------+-------+-------+-------++-------
Melee: Hand axe          |    88 |     8 |       |       ||    96
       Headbutt          |    12 |    21 |    58 |    20 ||   111
       Punch             |     1 |     1 |     4 |       ||     6
       Mace              |       |    87 |   260 |       ||   347
       Long sword        |       |       |    55 |   122 ||   177
 Stab: Sleeping          |     1 |       |       |       ||     1
Armor: Robe              |    11 |       |       |       ||    11
       Chain mail        |       |    33 |   131 |    39 ||   203
Dodge: Dodged            |    67 |    52 |   214 |    64 ||   397
